cohdb
Replays
Latest Replays
All Replays
Popular Replays
Top Player Replays
Match Explorer
How It Works
Community
CoH3 Stats
Reddit
Sign in to upload your games and track your stats! →
Sign in with Steam
Match 45732860
Unlisted
Match 45732860
Overview
Messages
Build Orders
End
Vickers Machine Gun Team
Construct Section Command Post
Infantry Section
Infantry Section
Infantry Section
Construct Platoon Command Post
Humber Armored Car
6-pounder Anti-tank Gun Team
Vickers Machine Gun Team
Unlock Bishop Self-propelled Artillery
Bishop Self-propelled Artillery
Bishop Self-propelled Artillery
Selects Indian Artillery Battlegroup
Selects Towed ML 4.2-inch Heavy Mortar
Selects Off-map Airburst Barrage
Off-map Airburst Barrage
Selects Valour
Construct Company Command Post
Crossbone
MonikaのPants
Boneless
김치워리어
0
0
Comments
sign in to comment!
No comments posted yet!